 Dungeon Crawl Stone Soup version 0.29.0-4-gdea44cf6ec (webtiles) character file.

Game seed: 6358284160741916702

52 qw the Chopper (level 3, -4/21 HPs)
             Began as a Tengu Warper on Aug 29, 2022.
             Slain by a gnoll
             ... wielding a +0 halberd
              (10 damage)
             ... on level 2 of the Dungeon.
             The game lasted 00:00:33 (2020 turns).

qw the Chopper (Tengu Warper)                       Turns: 2020, Time: 00:00:34

Health: -4/21      AC:  5    Str: 13    XL:     3   Next: 85%
Magic:  7/7        EV: 11    Int: 13    God:
Gold:   75         SH:  0    Dex: 13    Spells: 6/6 levels left

rFire   . . .      SeeInvis .   Y - +0 hand axe
rCold   . . .      Faith    .   (no shield)
rNeg    . . .      Spirit   .   i - +0 ring mail
rPois   .          Reflect  .   (helmet restricted)
rElec   .          Harm     .   (no cloak)
rCorr   .          Rampage  .   (no gloves)
Will    .....                   (boots unavailable)
Stlth   +.........              (no amulet)
HPRegen 0.07/turn               (no ring)
MPRegen 0.10/turn               (no ring)

@: no status effects
A: beak, talons 3
a: no special abilities


You were on level 2 of the Dungeon.
You visited 1 branch of the dungeon, and saw 2 of its levels.

You collected 75 gold pieces.


Innate Abilities, Weirdness & Mutations

You have a beak for a mouth.
You have claws for feet.


   Skills:
 - Level 2.0 Fighting
 + Level 4.4 Axes
 - Level 1.0 Throwing
 - Level 1.1 Armour
 - Level 2.1 Dodging
 - Level 2.0 Spellcasting
 - Level 2.4 Translocations


You had 6 spell levels left.
You didn't know any spells.
Your spell library contained the following spells:

 Spells                   Type           Power      Damage    Failure   Level
 Blink                    Tloc           14%        N/A       30%         2
 Gell's Gravitas          Tloc           7%         N/A       52%         3
 Lesser Beckoning         Tloc           7%         N/A       52%         3
 Teleport Other           Tloc           7%         N/A       52%         3
 Manifold Assault         Tloc           7%         N/A       99%         5

Inventory:

Hand Weapons
 b - a +0 flail
 Y - a +0 hand axe (weapon)
Armour
 c - a +0 pair of gloves
 i - a +0 ring mail (worn)
Scrolls
 h - 3 scrolls of identify
 j - a scroll of enchant weapon {unknown}
 k - a scroll of amnesia {unknown}
Potions
 a - a potion of magic {unknown}
 d - a potion of cancellation {unknown}
 f - a potion of curing {unknown}
 g - a potion of attraction {unknown}

Dungeon Overview and Level Annotations

Branches:
Dungeon (2/15)

Altars:

Shops:
D:2 (


Message History

You see here 2 curare-tipped darts.
You now have 75 gold pieces (gained 8).
A goblin comes into view. It is wielding a +0 dagger.
The goblin shouts!
You hit the goblin.
You kill the goblin!
You see here a +0 dagger.
Found a stone staircase leading up.
Enter note:
Enter note:
Enter note:
k - a scroll labelled PINUUH MOABB You open the door.
There is an open door here.
There is an open door here.
You open the door. 3 gnolls come into view.
The gnoll shouts! x2; You hear a shout!
A gnoll comes into view. It is wielding a +0 club.
Found 2 gold pieces.
Found an escape hatch in the ceiling.
Enter note:
There is an open door here.
The gnoll hits you with a +0 halberd!
You hit the gnoll. You claw the gnoll, but do no damage.
You peck the gnoll, but do no damage.
The gnoll is heavily wounded.
You hit the gnoll. You barely miss the gnoll.
You hit the gnoll but do no damage. The gnoll hits you with a +0 flail!
The gnoll barely misses you. The gnoll hits you with a +0 club.
The gnoll closely misses you.
2019 ||| DRINKING potion of heal wounds.
You feel much better. The gnoll closely misses you.
The gnoll hits you with a +0 flail! The gnoll hits you with a +0 club. x2
You completely miss the gnoll. Your kick misses the gnoll.
The gnoll is heavily wounded.
You hit the gnoll but do no damage. You closely miss the gnoll.
You barely miss the gnoll. The gnoll hits you with a +0 halberd!
You die...

#.. #. .. #.# #. #.# #.#
##'# #.# #.# ##...# #.#
#.# ##.....## #.## #.#
#..<....## #..## #..
......g..####...########
......g@.'..............
......gg.####...######.#
#...$...## #..## #.#
##.....## #.## #.#
##...# #.# #.. ##+# #.#
#.. #.# ### #.# ..#


You could see 4 gnolls.

Vanquished Creatures
  A worm (D:2)
  2 dart slugs (D:1)
  6 bats (D:1)
  3 endoplasms
  2 giant cockroaches
  3 goblins (D:2)
  5 hobgoblins
  2 jackals (D:2)
  2 quokkas
  4 ball pythons
  2 frilled lizards (D:1)
  3 kobolds (D:1)
  6 rats
41 creatures vanquished.

Notes
Turn   | Place    | Note
-------+----------+-------------------------------------------
     0 | D:1      | qw the Tengu Warper began the quest for the Orb.
     0 | D:1      | Reached XP level 1. HP: 12/12 MP: 4/4
     0 | D:1      | 0 ||| qw: Version: 0.1-a-89-g26bdef1
     0 | D:1      | 0 ||| qw: Game counter: 3482
     0 | D:1      | 0 ||| qw: Always use a shield: true
     0 | D:1      | 0 ||| qw: God list: Okawaru
     0 | D:1      | 0 ||| qw: Allow faded altars: false
     0 | D:1      | 0 ||| qw: Do Orc after D:15 true
     0 | D:1      | 0 ||| qw: Do second Lair branch before Depths: true
     0 | D:1      | 0 ||| qw: Lair rune preference: random
     0 | D:1      | 0 ||| qw: Plans: Normal
     0 | D:1      | 0 ||| PLANNING D:1-11
   245 | D:1      | Reached skill level 3 in Axes
   245 | D:1      | Reached XP level 2. HP: 7/17 MP: 6/6
  1068 | D:1      | 1068 ||| Stepping ~*~*~tactically~*~*~ (hiding).
  1077 | D:1      | Reached XP level 3. HP: 21/21 MP: 7/7
  1282 | D:1      | 1282 ||| UPGRADING to +0 ring mail.
  1292 | D:1      | 1292 ||| DROPPING +0 leather armour.
  1293 | D:1      | 1293 ||| READING 3 scrolls labelled TASOTE AZXELISTRUU.
  1294 | D:1      | 1294 ||| READING 3 scrolls labelled NEVAXIQ XURGH.
  1295 | D:1      | 1295 ||| READING 2 scrolls of identify.
  1295 | D:1      | 1295 ||| IDENTIFYING ruby potion
  1296 | D:1      | 1296 ||| DROPPING 2 scrolls of vulnerability.
  1297 | D:1      | 1297 ||| DROPPING scroll of blinking.
  1322 | D:2      | Found a faded altar of an unknown god.
  1402 | D:2      | 1402 ||| DROPPING +0 club.
  1430 | D:2      | 1430 ||| Stepping ~*~*~tactically~*~*~ (stealth).
  1436 | D:2      | Reached skill level 4 in Axes
  1560 | D:2      | 1560 ||| Stepping ~*~*~tactically~*~*~ (stealth).
  1564 | D:2      | 1564 ||| Stepping ~*~*~tactically~*~*~ (stealth).
  1571 | D:2      | 1571 ||| Stepping ~*~*~tactically~*~*~ (stealth).
  1573 | D:2      | 1573 ||| Stepping ~*~*~tactically~*~*~ (hiding).
  1617 | D:2      | Found Huryn's Weapon Emporium.
  1625 | D:2      | 1625 ||| SHOPLISTING +7 war axe of Midsummer {antimagic,
                  | rF+} (773 gold, have 58).
  1813 | D:2      | 1813 ||| Stepping ~*~*~tactically~*~*~ (stealth).
  1814 | D:2      | 1814 ||| Stepping ~*~*~tactically~*~*~ (stealth).
  2018 | D:2      | HP: 4/21 [gnoll/+0 flail (10)]
  2019 | D:2      | 2019 ||| DRINKING potion of heal wounds.
  2020 | D:2      | Slain by a gnoll

Levels and vault maps discovered:
D:1:      dpeg_arrival_arbitrary_a, layout_loops_ring, dk_noncrumbling_2
D:2:      layout_loops_corners, hellmonk_ecumenical_altar_dog_temple,
          basic_altar, serial_shops, nicolae_shop_bloodbath_and_beyond,
          minmay_misc_feat_doors

Skill      XL: |  1  2  3 |
---------------+----------+-----
Axes           | 3 4 |  4.4
Fighting       | |  2.0
Throwing       | |  1.0
Armour         | |  1.1
Dodging        | |  2.1
Spellcasting   | |  2.0
Translocations | |  2.4

Action                   || total
-------------------------++-------
Melee: Hand axe          ||    92
       Kick              ||    21
       Peck              ||    12
       Punch             ||     1
Throw: Boomerang         ||     7
  Use: Scroll            ||     3
       Potion            ||     1
Armor: Leather armour    ||     7
       Ring mail         ||     8
Dodge: Dodged            ||    50

Table legend:
 A = Non-vault XP
 B = Vault XP
 C = Vault XP percentage of total XP
 D = Non-vault monster count
 E = Vault monster count
 F = Vault count percentage of total count
                 A         B        C        D         E       F
            +---------+---------+-------+---------+---------+-------
      Total |      71 |       4 |   5.3 |      39 |       2 |   4.9
            +---------+---------+-------+---------+---------+-------
        D:1 |      40 |       0 |   0.0 |      25 |       0 |   0.0
        D:2 |      31 |       4 |  11.4 |      14 |       2 |  12.5
            +---------+---------+-------+---------+---------+-------
